 Dungeon Crawl Stone Soup version 0.28.0 (webtiles) character file.

Game seed: 7573733439185433974

137 styxcanada the Sneak (level 5, 0/26 HPs)
             Began as a Spriggan Brigand on Feb 16, 2022.
             Slain by Grinder (2 damage)
             ... while paralysed by Grinder
             ... on level 3 of the Dungeon.
             The game lasted 00:08:09 (3088 turns).

styxcanada the Sneak (Spriggan Brigand)             Turns: 3088, Time: 00:08:09

Health: 0/26       AC:  3    Str:  7    XL:     5   Next: 0%
Magic:  6/6        EV:  4    Int: 13    God:
Gold:   35         SH:  0    Dex: 18    Spells: 4/4 levels left

rFire   . . .      SeeInvis +   a - +2 dagger
rCold   . . .      Faith    .   (no shield)
rNeg    . . .      Spirit   .   b - +0 robe
rPois   .          Reflect  .   (helmet restricted)
rElec   .          Harm     .   c - +0 cloak
rCorr   .          Rampage  .   (gloves unavailable)
Will    .....                   (boots unavailable)
Stlth   ++++......              (no amulet)
HPRegen 0.08/turn               (no ring)
MPRegen 0.10/turn               (no ring)

@: paralysed, very quick
A: very small, no large weapons, unfitting armour, see invisible, speed 3
a: no special abilities


You were on level 3 of the Dungeon.
You visited 1 branch of the dungeon, and saw 3 of its levels.

You collected 35 gold pieces.

Inventory:

Hand Weapons
 a - a +2 dagger (weapon)
 l - a +0 short sword
 m - a +0 hunting sling
Missiles
 d - 2 poisoned darts (quivered)
 f - 98 stones
 k - 2 datura-tipped darts
 n - 18 sling bullets
Armour
 b - a +0 robe (worn)
 c - a +0 cloak (worn)
Scrolls
 e - a scroll of brand weapon {unknown}
 g - a scroll of enchant armour {unknown}
 h - a scroll of vulnerability {unknown}
 j - 3 scrolls of identify {unknown}
 p - 2 scrolls of amnesia {unknown}
Potions
 i - a potion of invisibility
 o - a potion of mutation {unknown}


   Skills:
 * Level 2.0 Fighting
 + Level 3.0 Short Blades
 + Level 2.4 Throwing
 * Level 2.8 Dodging
 * Level 7.9 Stealth


You had 4 spell levels left.
You didn't know any spells.
Your spell library contained the following spells:

 Spells                   Type           Power      Damage    Failure   Level
 Foxfire                  Conj/Fire      0%         2x1d4     30%         1
 Conjure Flame            Conj/Fire      0%         6-21      67%         3
 Inner Flame              Hex/Fire       0%         N/A       67%         3
 Flame Wave               Conj/Fire      0%         2d4       97%         4
 Dispersal                Tloc           0%         N/A       100%        6
 Disjunction              Tloc           0%         N/A       100%        8


Dungeon Overview and Level Annotations

Branches:
Dungeon (2/15)

Altars:

Annotations:
D:3 Grinder


Innate Abilities, Weirdness & Mutations

You are very small and have problems with some larger weapons.
You are too small for most types of armour.
You have supernaturally acute eyesight. (SInv)
You cover ground extremely quickly. (Speed+++)


Message History

Grinder barely misses you.
You hit Grinder.
Grinder is lightly wounded.
Grinder closely misses you.
You barely miss Grinder.
Grinder is lightly wounded.
Grinder hits you.
You writhe in agony.
Grinder gestures at you. You resist with some effort.
Throw: 5 darts (poison)
Press: ? - help, Q - select action, (/) - cycle Shift-Dir - straight line, f - Grinder
Aim: Grinder (lightly wounded, 60% to hit)
You throw a poisoned dart. The poisoned dart hits Grinder.
Grinder is poisoned.
Grinder is lightly wounded.
Grinder blinks!
Throw: 4 darts (poison)
Press: ? - help, Q - select action, (/) - cycle Shift-Dir - straight line, f/p - Grinder
Aim: Grinder (lightly wounded, poisoned, 60% to hit)
You throw a poisoned dart.
The poisoned dart closely misses Grinder.
Throw: 3 darts (poison)
Press: ? - help, Q - select action, (/) - cycle Shift-Dir - straight line, f/p - Grinder
Aim: Grinder (lightly wounded, poisoned, 60% to hit)
You throw a poisoned dart. The poisoned dart hits Grinder.
Grinder is lightly wounded.
A goblin comes into view. It is wielding a +0 dagger.
Found a ring mail and a scroll labelled ZIEKUA ITAKLAM.
Grinder gestures at you.
You suddenly lose the ability to move!
Grinder says, "At least Makhleb appreciates what I'm doing."
Grinder gestures at you. You resist with some effort.
Grinder looks more healthy.
Grinder hits you!
You writhe in agony.
Grinder hits you.
* * * LOW HITPOINT WARNING * * *
You writhe in agony.
* * * LOW HITPOINT WARNING * * *
Grinder hits you.
You die...

#. g.? .#### #.#
..... #.# .... #.#
#.. #.#
..#..####.######.#
..........5@....#
##...#.########
#((..†.....#
#.#........#
#.#........#
..#.(........
####........!.
##.......##
........#


You could see Grinder.

Vanquished Creatures
  Terence (D:2)
  Natasha (D:2)
  An orc wizard (D:1)
  Robin (D:2)
  2 dart slugs (D:1)
  3 orcs (D:2)
  2 endoplasms
  2 giant cockroaches (D:2)
  12 goblins
  3 hobgoblins (D:1)
  2 quokkas (D:1)
  4 bats
  2 frilled lizards (D:1)
  3 kobolds
  5 rats
44 creatures vanquished.

Notes
Turn   | Place    | Note
-------+----------+-------------------------------------------
     0 | D:1      | styxcanada the Spriggan Brigand began the quest for the
                  | Orb.
     0 | D:1      | Reached XP level 1. HP: 10/10 MP: 2/2
   178 | D:1      | Reached skill level 6 in Stealth
   214 | D:1      | Reached XP level 2. HP: 2/14 MP: 3/3
   644 | D:1      | Found a faded altar of an unknown god.
  1479 | D:2      | Reached skill level 7 in Stealth
  1511 | D:1      | Reached XP level 3. HP: 1/18 MP: 4/4
  2084 | D:2      | Noticed Natasha
  2090 | D:2      | Killed Natasha
  2091 | D:2      | Reached XP level 4. HP: 10/23 MP: 5/5
  2369 | D:2      | Noticed Terence
  2376 | D:2      | Killed Terence
  2424 | D:2      | Noticed Robin
  2448 | D:2      | Killed Robin
  3058 | D:2      | You fall into a shaft and drop 1 floor!
  3059 | D:3      | Noticed Grinder
  3064 | D:3      | Reached XP level 5. HP: 26/26 MP: 6/6
  3082 | D:3      | Paralysed by Grinder for 6 turns
  3087 | D:3      | HP: 1/26 [Grinder (1)]
  3088 | D:3      | Slain by Grinder

Illustrated notes

Levels and vault maps discovered:
D:1:      dpeg_arrival_circle_labyrinth_a, layout_basic,
          hellmonk_ecumenical_altar_pennies_from_heaven,
          minmay_misc_feat_enclosed
D:2:      layout_basic, uniq_natasha, uniq_terence, uniq_robin
D:3:      layout_loops_ring, lemuel_zombie_altar_kikubaaqudgha,
          nicolae_overflow_crystal_walls, uniq_grinder

Skill      XL: |  1  2  3  4 |
---------------+-------------+-----
Stealth        | 6 7 |  7.9
Dodging        | 2 |  2.8
Short Blades   | 3 |  3.0
Fighting       | 2 |  2.0
Throwing       | |  2.4

Action                   |  1- 3 |  4- 6 || total
-------------------------+-------+-------++-------
Melee: Dagger            |    62 |    46 ||   108
       Punch             |     1 |     1 ||     2
Throw: Dart              |    25 |    16 ||    41
  Use: Potion            |     2 |       ||     2
 Stab: Sleeping          |     7 |     3 ||    10
       Invisible         |     1 |       ||     1
Armor: Robe              |    19 |     7 ||    26
Dodge: Dodged            |    58 |    28 ||    86
